 Dungeon Crawl Stone Soup version 0.30-a0-476-g330ca2eb8e (webtiles) character file.

Game seed: 9697461911198436916

2286 xzight the Magician (level 9, -4/52 HPs)
             Began as a Deep Elf Fire Elementalist on Dec 22, 2022.
             Was an Initiate of Ashenzari.
             Slain by an orc warrior
             ... wielding a +0 war axe
              (6 damage)
             ... on level 7 of the Dungeon.
             The game lasted 00:21:22 (7693 turns).

xzight the Magician (Deep Elf Fire Elementalist)    Turns: 7693, Time: 00:21:22

Health: -4/52      AC:  5    Str:  5    XL:     9   Next: 17%
Magic:  12/22      EV: 15    Int: 25    God:    Ashenzari [......]
Gold:   387        SH:  0    Dex: 15    Spells: 12/23 levels left

rFire   + . .      SeeInvis .    C - +2 dagger (speed)
rCold   x . .      Faith    .    (no shield)
rNeg    . . .      Spirit   .    f - +0 robe
rPois   .          Reflect  .    t - +1 helmet "Ensconced Suspicion" {Bglg, Alch} (curse)
rElec   .          Harm     .    s - +0 cloak
rCorr   .          Rampage  .    (no gloves)
Will    .....                    (no boots)
Stlth   ++........               u - amulet of regeneration
HPRegen 1.08/turn                Z - ring of wizardry
MPRegen 0.18/turn                F - ring of fire

@: no status effects
A: no striking features
a: Renounce Religion, Shatter the Chains


You were on level 7 of the Dungeon.
You worshipped Ashenzari.
Ashenzari was noncommittal.
You visited 1 branch of the dungeon, and saw 7 of its levels.

You collected 387 gold pieces.


   Skills:
 + Level 4.2 Fighting
 + Level 6.6 Dodging
 - Level 2.4 Stealth
 + Level 7.6 Spellcasting
 + Level 5.7(6.1) Conjurations
 - Level 3.0(3.3) Hexes
 - Level 2.0 Summonings
 + Level 6.6 Fire Magic


You had 12 spell levels left.
You knew the following spells:

 Your Spells              Type           Power      Damage    Failure   Level
a - Foxfire               Conj/Fire      100%       2x1d9     1%          1
b - Scorch                Fire           100%       2d10      1%          2
c - Summon Guardian Gole  Hex/Summ       22%        N/A       2%          3
d - Fireball              Conj/Fire      29%        3d13      5%          5

Your spell library contained the following spells:

 Spells                   Type           Power      Damage    Failure   Level
 Dazzling Flash           Conj/Hex       66%        N/A       1%          3
 Inner Flame              Hex/Fire       51%        N/A       1%          3
 Flame Wave               Conj/Fire      58%        2d14      1%          4
 Kindle Blastsparks       Fire/Tloc/Air  60%        2d15      3%          3
 Starburst                Conj/Fire      29%        6d9       26%         6
 Silence                  Hex/Air        8%         N/A       32%         5
 Agony                    Necr           9%         N/A       54%         5
 Orb of Destruction       Conj           20%        9d8       82%         7
 Spellforged Servitor     Conj/Summ      14%        N/A       98%         7

Inventory:

Hand Weapons
 C - a +2 dagger of speed (weapon)
Armour
 f - a +0 robe (worn)
 s - a +0 cloak (worn)
 t - the cursed +1 helmet "Ensconced Suspicion" (worn) {Bglg, Alch}
   (You found it on level 3 of the Dungeon)

   It has a curse which improves the following skills: Beguiling: Conjurations,
   Hexes and Translocations.
   Alchemy:   Poison Magic and Transmutations.
Jewellery
 u - an amulet of regeneration (around neck)
 F - a ring of fire (right hand)
 P - a ring of poison resistance
 Z - a ring of wizardry (left hand)
Wands
 a - a wand of polymorph (11)
 A - a wand of paralysis (4)
 B - a wand of roots (7)
Scrolls
 e - 2 scrolls of poison
 g - 2 scrolls of teleportation {@r2}
 j - a scroll of magic mapping
 o - a scroll of noise {unknown}
 r - 2 scrolls of fog
 w - a scroll of vulnerability
 y - 3 scrolls of enchant armour
Potions
 b - a potion of magic
 c - a potion of heal wounds {@q2}
 d - a potion of lignification
 h - 2 potions of brilliance {unknown}
 i - 3 potions of might
 k - a potion of flight {unknown}
 l - 2 potions of degeneration {unknown}
 m - 5 potions of curing {@q1}
 n - a potion of mutation {unknown}
 p - a potion of ambrosia {unknown}
 v - a potion of berserk rage {unknown}
 x - a potion of invisibility {unknown}
 z - a potion of resistance

Dungeon Overview and Level Annotations

Branches:
Dungeon (7/15)
 Temple: D:4-7

Altars:
Ashenzari
Elyvilon
Yredelemnul

Shops:
D:7 =

Annotations:
D:4 2 transporters
D:7 1 runed translucent door, Mitcholas's ghost, novice HOMo

#....▒▒.▒▒).......#
#...▒▒...▒▒...###o#
#..▒▒.....▒▒..# #.#
...▒⌠.?♣!.W▒.z###.#
#...▒▒..?..▒▒.o)##.#
.....▒▒...▒▒.oo>##o#
..▒▒⌠▒▒..oz.9..#
...▒▒▒)..#So####
#.......##.@#####
##.......5......#
######.###.###.#
###......# #.# .<
#.....#### #.#####....
#...z.# #.#z..zz)..
#.....######.#.# #
#........9..z#.###...#
...'..........z.........<


You could see an orc warrior (ally target), 2 wights, an orc wizard, Mitcholas's
ghost, a friendly guardian golem (summoned), a friendly water moccasin
(summoned, sheltered), a friendly orc priest (summoned, sheltered), a friendly
orc wizard (summoned, sheltered), a friendly white imp (summoned, sheltered) and
a friendly orc (summoned, sheltered).


Message History

The orc warrior hits you with a +0 war axe!
* * * LOW HITPOINT WARNING * * *
The orc warrior hits your guardian golem but does no damage.
Something hits your guardian golem but does no damage.
The orc warrior attacks as you move away!
The orc warrior hits you with a +0 war axe!
* * * LOW HITPOINT WARNING * * *
The orc warrior hits your guardian golem but does no damage.
The orc priest casts a cantrip, but nothing happens.
The orc warrior attacks as you move away!
The orc warrior hits you with a +0 war axe.
* * * LOW HITPOINT WARNING * * *
The orc warrior hits your guardian golem but does no damage.
The orc warrior attacks as you move away!
The orc warrior hits you with a +0 war axe!
* * * LOW HITPOINT WARNING * * *
The orc warrior hits your guardian golem but does no damage.
The orc wizard shouts!
Things that are here:
a +0 short sword; a +0 ring mail
As you read the scroll of summoning, it crumbles to dust.
Wisps of shadow whirl around you... The orc warrior misses you.
The orc warrior misses your water moccasin.
The orc warrior hits your guardian golem with a +0 war axe!
The wight hits you with a +2 scimitar of distortion.
* * * LOW HITPOINT WARNING * * *
The orc wizard completely misses your orc.
The wight hits your water moccasin with a +2 scimitar of distortion!
The orc warrior hits you with a +0 war axe.
You die...

Skill      XL: |  1  2  3  4  5  6  7  8 |
---------------+-------------------------+-----
Dodging        | 3 4 5 6 |  6.6
Fighting       | 1 2 4 |  4.2
Conjurations   | 2 3 4 5 |  5.7
Fire Magic     | 4 5 6 |  6.6
Spellcasting   | 4 5 7 |  7.6
Hexes          | 1 2 3 |  3.0
Summonings     | 1 2 |  2.0
Stealth        | |  2.4

Action                   |  1- 3 |  4- 6 |  7- 9 || total
-------------------------+-------+-------+-------++-------
Melee: Dagger            |     1 |       |    30 ||    31
 Cast: Foxfire           |    78 |    84 |    84 ||   246
       Scorch            |       |    19 |    69 ||    88
       Summon Guardian G |       |     2 |     5 ||     7
Invok: Curse Item        |       |       |     1 ||     1
  Use: Scroll            |       |     6 |    10 ||    16
       Potion            |       |       |     1 ||     1
Armor: Robe              |     1 |     4 |    18 ||    23
       Skin              |       |       |    35 ||    35
Dodge: Dodged            |     7 |    16 |    80 ||   103

Levels and vault maps discovered:
D:1:      roderic_chinese_lattice_arrival, layout_rooms
D:2:      layout_loops_ring, basic_altar, serial_bayou, serial_bayou_pond_a,
          serial_bayou_crossing, serial_bayou_lagoon_a, serial_bayou_pond_c,
          uniq_robin
D:3:      layout_basic
D:4:      gammafunk_steamed_eel, layout_gridville, kennysheep_mini,
          uniq_menkaure
D:5:      black_bear_nest_2, layout_basic, minmay_bent
D:6:      layout_basic, cheibrodos_ashenzari_chains, uniq_sigmund
D:7:      layout_loops_corners, minmay_temple_entry_drinking_statues,
          serial_shops, nicolae_shop_advertising_works
          [nicolae_subvault_shop_adworks], hellmonk_ghost_happy_afterlife,
          hangedman_glass_teeth, minmay_unpleasant_kobolds, uniq_duvessa

Notes
Turn   | Place    | Note
-------+----------+-------------------------------------------
     0 | D:1      | xzight the Deep Elf Fire Elementalist began the quest for
                  | the Orb.
     0 | D:1      | Reached XP level 1. HP: 10/10 MP: 6/6
   202 | D:1      | Reached XP level 2. HP: 16/16 MP: 5/8
   809 | D:2      | Reached XP level 3. HP: 20/20 MP: 4/9
   811 | D:2      | Noticed Robin
   954 | D:2      | Reached skill level 3 in Dodging
   987 | D:2      | Identified the +1 hand axe of Doors {vorpal, Stlth+}
  1000 | D:2      | Reached skill level 1 in Fighting
  1054 | D:2      | Found a white marble altar of Elyvilon.
  1150 | D:2      | Reached skill level 2 in Conjurations
  1352 | D:2      | Reached XP level 4. HP: 25/25 MP: 8/11
  1363 | D:2      | Killed Robin
  1452 | D:2      | Learned a level 2 spell: Scorch
  1470 | D:2      | Reached skill level 4 in Fire Magic
  1535 | D:2      | Reached skill level 4 in Spellcasting
  2061 | D:2      | Learned a level 3 spell: Summon Guardian Golem
  2395 | D:3      | Reached XP level 5. HP: 29/29 MP: 10/13
  3437 | D:3      | Learned a level 5 spell: Fireball
  3538 | D:4      | Found a transporter.
  3544 | D:4      | Found a transporter.
  3595 | D:4      | Reached skill level 1 in Hexes
  3859 | D:4      | Noticed Menkaure
  3885 | D:4      | Killed Menkaure
  3886 | D:4      | Reached skill level 2 in Fighting
  3886 | D:4      | Reached skill level 1 in Summonings
  3886 | D:4      | Reached XP level 6. HP: 12/35 MP: 10/14
  4150 | D:4      | Found a basalt altar of Yredelemnul.
  4285 | D:4      | Reached skill level 4 in Dodging
  4285 | D:4      | Reached skill level 3 in Conjurations
  4285 | D:4      | Reached skill level 2 in Hexes
  4579 | D:4      | Reached skill level 5 in Spellcasting
  4667 | D:5      | Entered Level 5 of the Dungeon
  4710 | D:5      | Reached skill level 2 in Summonings
  4710 | D:5      | Reached XP level 7. HP: 31/40 MP: 8/16
  5158 | D:5      | Reached skill level 5 in Fire Magic
  5217 | D:5      | Reached skill level 3 in Hexes
  5233 | D:5      | Reached skill level 4 in Conjurations
  5235 | D:5      | Reached skill level 5 in Dodging
  5329 | D:5      | Reached XP level 8. HP: 45/45 MP: 10/18
  5397 | D:5      | Reached skill level 3 in Fighting
  5397 | D:5      | Reached skill level 6 in Spellcasting
  6490 | D:6      | Found a broken altar of Ashenzari.
  6491 | D:6      | Noticed Sigmund
  6494 | D:6      | Killed Sigmund
  6495 | D:6      | Reached skill level 6 in Dodging
  6495 | D:6      | Reached skill level 5 in Conjurations
  6495 | D:6      | Reached skill level 6 in Fire Magic
  6501 | D:6      | Became a worshipper of Ashenzari the Shackled
  6645 | D:6      | Reached skill level 7 in Spellcasting
  7189 | D:7      | Found Afaliut's Jewellery Boutique.
  7261 | D:7      | Noticed Mitcholas's ghost (novice HOMo)
  7263 | D:7      | Found a runed translucent door.
  7276 | D:7      | Reached skill level 4 in Fighting
  7276 | D:7      | Reached XP level 9. HP: 52/52 MP: 15/22
  7442 | D:7      | Noticed Dowan
  7449 | D:7      | Noticed Duvessa
  7460 | D:7      | Killed Duvessa
  7461 | D:7      | Killed Dowan
  7471 | D:7      | Identified the cursed +1 helmet "Ensconced Suspicion"
                  | {Bglg, Alch} (You found it on level 3 of the Dungeon)
  7690 | D:7      | HP: 4/52 [orc warrior/+0 war axe (13)]
  7692 | D:7      | HP: 1/52 [wight/+2 scimitar of distortion (6)]
  7693 | D:7      | Slain by an orc warrior

Vanquished Creatures
  Sigmund (D:6)
  Menkaure (D:4)
  Duvessa (D:7)
  3 ice beasts
  2 black bears
  2 phantoms
  4 necrophages
  A bullfrog (D:5)
  3 scorpions
  A wight (D:7)
  Dowan (D:7)
  2 killer bees (D:7)
  A howler monkey (D:5)
  A gnoll bouda (D:6)
  A jelly (D:5)
  An orc priest (D:7)
  5 iguanas
  3 orc wizards
  Robin (D:2)
  10 gnolls
  7 adders
  A shadow imp (D:6)
  2 worms
  2 dart slugs
  12 orcs
  5 endoplasms
  2 giant cockroaches (D:3)
  8 hobgoblins
  4 jackals (D:2)
  8 quokkas
  5 ball pythons
  5 bats
  5 frilled lizards
  18 goblins
  10 kobolds
  3 rats
142 creatures vanquished.

Vanquished Creatures (collateral kills)
  15 foxfires (D:2)
15 creatures vanquished.

Vanquished Creatures (others)
  An orc wizard (D:5)
  381 foxfires
  50 plants (D:2)
432 creatures vanquished.

Grand Total: 589 creatures vanquished

Table legend: (Time is in decaauts)
 A = Elapsed time spent in this place.
 B = Non-inter-level travel time spent in this place.
 C = Inter-level travel time spent in this place.
 D = Time resting spent in this place.
 E = Time spent auto-exploring this place.
 F = Levels seen in this place.
 G = Mean time per level.
                   A        B        C        D        E       F      G
               +--------+--------+--------+--------+--------+-----+--------+
         Total |   7713 |   7531 |    182 |   1604 |   4645 |   7 | 1101.9 |
       Dungeon |   7713 |   7531 |    182 |   1604 |   4645 |   7 | 1101.9 |
               +--------+--------+--------+--------+--------+-----+--------+

Top non-repeatable levels by time:
     D:5: 1546 daAuts
     D:3: 1461 daAuts
     D:4: 1128 daAuts
     D:2: 1098 daAuts
     D:1: 1001 daAuts
     D:6: 974 daAuts
     D:7: 503 daAuts

Table legend:
 A = Non-vault XP
 B = Vault XP
 C = Vault XP percentage of total XP
 D = Non-vault monster count
 E = Vault monster count
 F = Vault count percentage of total count
                 A         B        C        D         E       F
            +---------+---------+-------+---------+---------+-------
      Total |    2075 |    1191 |  36.5 |     121 |      22 |  15.4
            +---------+---------+-------+---------+---------+-------
        D:1 |      39 |       0 |   0.0 |      24 |       0 |   0.0
        D:2 |     113 |      35 |  23.6 |      25 |      11 |  30.6
        D:3 |      61 |       0 |   0.0 |      19 |       0 |   0.0
        D:4 |     254 |     172 |  40.4 |       9 |       1 |  10.0
        D:5 |     596 |     545 |  47.8 |      15 |       7 |  31.8
        D:6 |     614 |     223 |  26.6 |      15 |       1 |   6.2
        D:7 |     398 |     216 |  35.2 |      14 |       2 |  12.5
            +---------+---------+-------+---------+---------+-------
